 Dungeon Crawl Stone Soup version 0.27-a0-951-gae3e1deef5 (webtiles) character file.

Game seed: 11599088130532084132

10 Alarkh the Insei (level 2, 21/21 HPs)
             Began as a Demonspawn Transmuter on Apr 11, 2021.
             Got out of the dungeon alive.
             The game lasted 00:00:18 (341 turns).

Alarkh the Insei (Demonspawn Transmuter)             Turns: 341, Time: 00:00:19

Health: 21/21      AC:  2    Str: 10    XL:     2   Next: 10%
Magic:  5/5        EV: 12    Int: 14    God:
Gold:   5          SH:  0    Dex: 13    Spells: 4/5 levels left

rFire    . . .     SeeInvis .     - Unarmed
rCold    . . .     Faith    .   (no shield)
rNeg     . . .     Spirit   .   a - +0 robe
rPois    .         Reflect  .   (helmet restricted)
rElec    .         Harm     .   (no cloak)
rCorr    .         Rampage  .   (no gloves)
Will     .....                  (no boots)
Stlth    +.........             (no amulet)
HPRegen  0.07/turn              (no ring)
MPRegen  0.09/turn              (no ring)

@: no status effects
A: horns 1
a: no special abilities


You escaped.
You visited 1 branch of the dungeon, and saw 1 of its levels.

You collected 5 gold pieces.

Inventory:

Armour
 a - a +0 robe (worn)
Scrolls
 b - a scroll of identify {unknown}


   Skills:
 + Level 1.2 Fighting
 - Level 1.7 Dodging
 * Level 2.9 Unarmed Combat
 + Level 2.1 Spellcasting
 + Level 2.0 Transmutations


You had 4 spell levels left.
You knew the following spells:

 Your Spells              Type           Power      Damage    Failure   Level
a - Beastly Appendage     Tmut           14%        N/A       11%         1

Your spell library contained the following spells:

 Spells                   Type           Power      Damage    Failure   Level
 Wereblood                Tmut           7%         N/A       16%         2
 Spider Form              Tmut/Pois      2%         N/A       43%         3
 Ice Form                 Ice/Tmut       4%         N/A       83%         4
 Hydra Form               Tmut           3%         N/A       96%         5


Dungeon Overview and Level Annotations

Branches:
Dungeon (1/15)

Altars:


Innate Abilities, Weirdness & Mutations

You have a pair of small horns on your head.


Message History

You hit the rat but do no damage. You claw the rat, but do no damage.
Your transformation is almost over.
The rat bites you but does no damage.
You hit the rat.
You kill the rat!
You barely miss the kobold. Your kick misses the kobold. The kobold misses you.
Your magical contamination has completely faded away.
You hit the kobold but do no damage. Your kick misses the kobold.
The kobold closely misses you.
You closely miss the kobold. The kobold hits you with a +0 dagger.
You closely miss the kobold. You headbutt the kobold.
You kill the kobold!
You have reached level 2!
Your demonic ancestry asserts itself...
Your mutations feel more permanent.
Your horns shrink.
Your talons disappear.
You see here a +0 dagger.
You now have 5 gold pieces.
An endoplasm comes into view.
Casting: Beastly Appendage (safe; 11% risk of failure)
Confirm with . or Enter, or press ? or * to list all spells.
You miscast Beastly Appendage.
You are very lightly contaminated with residual magic.
Nothing appears to happen.
The helpless endoplasm fails to defend itself.
You hit the endoplasm but do no damage. You headbutt the endoplasm.
The endoplasm is heavily wounded.
The endoplasm misses you.
You hit the endoplasm.
The endoplasm is almost dead.
The endoplasm closely misses you.
You hit the endoplasm.
You kill the endoplasm!
Your Transmutations skill increases to level 2!
No target in view!
Unknown command.
Your magical contamination has completely faded away.
There is a staircase leading out of the dungeon here.
Are you sure you want to leave the Dungeon?
This will make you lose the game!
You have escaped!

#..... ..#..⌠ .....
###########.#.8
#######...........#..
##.#.#.#.#########..##
###.#.#.#.## #....#
..#.#.#.#.# #....†
..#.#@#.## #.....
##.#.#.#.#########..#.
#.#.#.#.#......# #....
#.#.#.#.### #.# #..#.
#.#.#.#.#.## #.# #..#.
.########.#.....###.###..##
...........................
.#####..#.#.....###.###...#
..........##..............#


There were no monsters in sight!

Vanquished Creatures
  A ball python (D:1)
  An endoplasm (D:1)
  A hobgoblin (D:1)
  2 jackals (D:1)
  A kobold (D:1)
  A goblin (D:1)
  2 rats (D:1)
9 creatures vanquished.

Notes
Turn   | Place    | Note
-------+----------+-------------------------------------------
     0 | D:1      | Alarkh the Demonspawn Transmuter began the quest for the
                  | Orb.
     0 | D:1      | Reached XP level 1. HP: 15/15 MP: 3/3
    39 | D:1      | Found a faded altar of an unknown god.
   241 | D:1      | Mutation became permanent: You have a pair of small horns
                  | on your head. [demonic ancestry]
   241 | D:1      | Gained mutation: You have a pair of horns on your head.
                  | [demonic ancestry]
   241 | D:1      | Reached XP level 2. HP: 16/21 MP: 1/5
   341 | D:$      | Got out of the dungeon alive.

Illustrated notes

Levels and vault maps discovered:
D:1:      lightli_arrival_chessboard, layout_loops_ring,
          hellmonk_ecumenical_altar_dog_temple, minmay_misc_feat_encased,
          minmay_heptomino_d4

Skill      XL: |  1  2 |
---------------+-------+-----
Transmutations | 2 |  2.0
Fighting       | |  1.2
Dodging        | |  1.7
Unarmed Combat | |  2.9
Spellcasting   | |  2.1

Action                   || total
-------------------------++-------
Melee: Unarmed           ||    26
       Headbutt          ||     3
       Kick              ||     2
 Cast: Beastly Appendage ||     4
 Stab: Sleeping          ||     1
Armor: Robe              ||     3
Dodge: Dodged            ||    19

Table legend: (Time is in decaauts)
 A = Elapsed time spent in this place.
 B = Non-inter-level travel time spent in this place.
 C = Inter-level travel time spent in this place.
 D = Time resting spent in this place.
 E = Time spent auto-exploring this place.
 F = Levels seen in this place.
 G = Mean time per level.
                   A        B        C        D        E       F      G
               +--------+--------+--------+--------+--------+-----+--------+
         Total |    340 |    317 |     23 |      0 |    269 |   1 |  340.0 |
       Dungeon |    340 |    317 |     23 |      0 |    269 |   1 |  340.0 |
               +--------+--------+--------+--------+--------+-----+--------+

Top non-repeatable levels by time:
     D:1: 340 daAuts
